cohdb
Replays
Latest Replays
All Replays
Popular Replays
Top Player Replays
Match Explorer
How It Works
Community
CoH3 Stats
Reddit
Sign in to upload your games and track your stats! →
Sign in with Steam
Match 43970501
Unlisted
Match 43970501
Overview
Messages
Build Orders
End
Construct Barracks
Selects Airborne Battlegroup
Selects Heavy Machine Gun Paradrop
Heavy Machine Gun Paradrop
Riflemen Squad
Heavy Machine Gun Paradrop
Riflemen Squad
Grenade Package
Selects Paratrooper Squad Paradrop
M1 Mortar Team
Infantry Support Center
Construct Weapon Support Center
M3 Armored Personnel Carrier
Paratrooper Squad Paradrop
Selects Smoke Bombing Run
Selects Supply Drop
Supply Drop
Smoke Bombing Run
Supply Drop
Improved M9 Bazooka Rockets
Smoke Bombing Run
Selects Carpet Bombing Run
Carpet Bombing Run
Survival Training
Lord Gentlecrab
admiral_gnar
uaox45
121191965
TunaSandwich
微笑的云朵
Demon
ShogunLeo
0
0
Comments
sign in to comment!
No comments posted yet!